 Dungeon Crawl Stone Soup version 0.18-a0-1211-g828307d (webtiles) character file.

9500 Kidiri the Thaumaturge (level 11, -17/60 HPs)
             Began as a Deep Elf Conjurer on Feb 1, 2016.
             Was a Priest of Sif Muna.
             Demolished by a polar bear (25 damage)
             ... in an ice cave on Feb 2, 2016.
             The game lasted 00:45:42 (13486 turns).

Kidiri the Thaumaturge (Deep Elf Conjurer)         Turns: 13486, Time: 00:45:43

Health: -17/60     AC:  6    Str: 12    XL:     11   Next: 23%
Magic:  0/35       EV: 18    Int: 24    God:    Sif Muna [***...]
Gold:   360        SH:  0    Dex: 17    Spells: 10 memorised, 2 levels left

rFire  . . .     SeeInvis +     j - +7 short sword of Viat {holy, MR- MP+9 Str+7 SInv}
rCold  . . .     Gourm    .     f - +1 leather armour
rNeg   . . .     Faith    +     (no shield)
rPois  .         Spirit   .     y - +1 helmet
rElec  +         Dismiss  .     i - +0 cloak
rCorr  .         Reflect  .     (no gloves)
SustAt .         Harm     .     (no boots)
MR     .....     Rnd*Tele +     m - amulet of faith
Stlth  +++.......               (no ring)
                                (no ring)

@: very slightly contaminated, invisible, not resistant to hostile enchantments,
fairly stealthy
A: agile 1, deformed body, electricity resistance, teleportitis 1, wild magic 1,
sturdy frame 1
a: Channel Energy, Forget Spell, Renounce Religion


You were in an ice cave.
You worshipped Sif Muna.
Sif Muna was most pleased with you.
You were not hungry.

You visited 3 branches of the dungeon, and saw 12 of its levels.
You also visited: Ice Cave.

You collected 624 gold pieces.
You spent 264 gold pieces at shops.

Inventory:

Hand Weapons
 e - a +0 dagger
 j - the +7 short sword of Viat (weapon) {holy, MR- MP+9 Str+7 SInv}
   (You found it on level 4 of the Dungeon)

   It has been blessed by the Shining One to cause great damage to the undead
   and demons.
   It affects your strength (+7).
   It affects your resistance to hostile enchantments.
   It affects your magic capacity (+9).
   It lets you see invisible.
Armour
 f - a +1 leather armour (worn)
 i - a +0 cloak (worn)
 y - a +1 helmet (worn)
 B - a steam dragon hide
 L - a +0 shield
Jewellery
 m - an amulet of faith (around neck)
 w - an uncursed amulet of dismissal
 J - an uncursed amulet of the gourmand
Wands
 C - a wand of digging (6/24)
 E - a wand of acid (5/15)
 F - a wand of lightning (4/15)
 M - a wand of iceblast (11/15)
Scrolls
 g - 3 scrolls of fog
 p - 2 scrolls of remove curse
 s - a scroll of amnesia {unknown}
 t - a scroll of enchant weapon {unknown}
 A - 2 scrolls of recharging {unknown}
Potions
 a - a potion of cure mutation
 d - a potion of flight
 l - 2 potions of might
 n - 3 potions of mutation {unknown}
 r - 4 potions of curing
 u - 2 potions of resistance
 v - a potion of ambrosia
 x - 2 potions of haste
 G - a potion of poison {unknown}
 K - a potion of agility
Books
 b - a book of Conjurations

   Spells                             Type                      Level
   a - Magic Dart                     Conjuration                  1
   b - Searing Ray                    Conjuration                  2
   c - Dazzling Spray                 Conjuration/Hexes            3
   d - Fulminant Prism                Conjuration/Hexes            4
   e - Iskenderun's Mystic Blast      Conjuration                  4
   f - Iskenderun's Battlesphere      Conjuration/Charms           5
 q - a book of Minor Magic

   Spells                             Type                      Level
   a - Magic Dart                     Conjuration                  1
   b - Blink                          Translocation                2
   c - Call Imp                       Summoning                    2
   d - Repel Missiles                 Charms/Air                   2
   e - Slow                           Hexes                        2
   f - Conjure Flame                  Conjuration/Fire             3
   g - Mephitic Cloud                 Conjuration/Poison/Air       3
Comestibles
 c - 3 bread rations


   Skills:
 + Level 3.3 Fighting
 + Level 4.2 Short Blades
 + Level 3.4 Armour
 * Level 9.2 Dodging
 + Level 6.7 Stealth
 * Level 1.1 Shields
 * Level 9.6 Spellcasting
 * Level 8.8 Conjurations
 + Level 6.3 Hexes
 + Level 4.2 Charms
 + Level 2.2 Summonings
 + Level 3.3 Translocations
 + Level 2.6 Air Magic
 + Level 2.9 Invocations
 + Level 2.4 Evocations


You had 2 spell levels left.
You knew the following spells:

 Your Spells              Type           Power        Failure   Level  Hunger
a - Magic Dart            Conj           ####         1%          1    None
b - Searing Ray           Conj           ######       1%          2    None
c - Dazzling Spray        Conj/Hex       ######..     3%          3    None
d - Iskenderun's Mystic   Conj           ######..     4%          4    #......
e - Fulminant Prism       Conj/Hex       ######....   7%          4    #......
f - Iskenderun's Battles  Conj/Chrm      ######..     26%         5    ####...
g - Repel Missiles        Chrm/Air       #####.       7%          2    None
h - Blink                 Tloc           N/A          7%          2    None
i - Call Imp              Summ           ####....     9%          2    None
j - Slow                  Hex            ######..     3%          2    None


Dungeon Overview and Level Annotations

Branches:
Dungeon (9/15)             Temple (1/1) D:7            Lair (2/8) D:9
    Orc (0/2) D:9

Altars:
Ashenzari
Cheibriados
Dithmenos
Elyvilon
Fedhas
Gozag
Kikubaaqudgha
Makhleb
Nemelex Xobeh
Okawaru
Pakellas
Qazlal
Ru
Sif Muna
Trog
Vehumet
Xom
Yredelemnul
Zin
The Shining One

Shops:
D:9 !*[


Innate Abilities, Weirdness & Mutations

You are agile. (Dex +2)
Armour fits poorly on your strangely shaped body.
You are resistant to electric shocks.
You are occasionally teleported next to monsters.
Your spells are a little harder to cast, but a little more powerful.
Your movements are slightly less encumbered by armour (ER -2).


Message History

The polar bear completely misses you.
Casting: Magic Dart
Confirm with . or Enter, or press ? or * to list all spells.
Aiming: Magic Dart
Press: ? - help, Shift-Dir - straight line, f/p - polar bear
Aim: a polar bear (almost dead, berserk, fast, unusually strong)
The magic dart hits the polar bear.
The polar bear is almost dead.
The polar bear bites you but does no damage.
The polar bear claws you. The polar bear barely misses you.
The polar bear bites you!!
* * * LOW HITPOINT WARNING * * *
The polar bear closely misses you. x2
Drink which item? (? for menu, Esc to quit)
You fade into invisibility!
The polar bear closely misses you.
The polar bear claws you but does no damage. x2
You are very lightly contaminated with residual magic.
The polar bear bites you!!
You die...

... ..# ..#
#..## #####
...# #∩#.##
..##
#....###..#
#.....@#..#
##∩....h..#
#####...##
#####


You could see a polar bear (berserk).

Vanquished Creatures
  A hydra (Lair:1)
  A black mamba (Lair:1)
  3 spiny frogs (Lair:1)
  A komodo dragon (Lair:2)
  Prince Ribbit (D:8)
  A polar bear (IceCv)
  A wyvern (D:9)
  2 hippogriffs
  2 steam dragons (D:8)
  4 wolves (IceCv)
  2 wargs (D:9)
  Duvessa (D:5)
  2 water moccasins
  4 orc warriors
  3 porcupines
  A black bear (Lair:1)
  A wasp (D:8)
  2 ice beasts
  2 sky beasts
  6 centaurs
  2 ogres (D:5)
  6 crocodiles
  A big kobold (D:8)
  4 giant frogs
  Dowan (D:5)
  2 scorpions (D:8)
  6 killer bees
  14 wights
  5 crimson imps
  2 giant frog zombies
  5 hounds
  A centaur skeleton (D:5)
  2 giant frog skeletons
  9 orc priests
  7 orc wizards
  2 iguanas (D:5)
  A gnoll shaman (D:7)
  Natasha (thrice) (D:2)
  8 worker ants
  A hound skeleton (D:6)
  7 gnolls
  6 adders
  2 shadow imps
  12 white imps (Lair:2)
  2 oozes (D:1)
  2 adder zombies (D:9)
  2 worms
  5 giant geckos
  39 orcs
  4 ball pythons
  7 bats
  6 giant cockroaches
  8 hobgoblins
  10 kobolds
  4 quokkas
  6 giant newts
  9 goblins
  2 quokka zombies
  5 rats
  A plant (Lair:2)
262 creatures vanquished.

Vanquished Creatures (others)
  A wolf (IceCv)
  4 fulminant prisms
5 creatures vanquished.

Grand Total: 267 creatures vanquished

Notes
Turn   | Place    | Note
--------------------------------------------------------------
     0 | D:1      | Kidiri the Deep Elf Conjurer began the quest for the Orb.
     0 | D:1      | Reached XP level 1. HP: 10/10 MP: 6/6
   186 | D:1      | Reached XP level 2. HP: 15/15 MP: 6/8
   190 | D:1      | Learned a level 2 spell: Searing Ray
   628 | D:1      | Reached XP level 3. HP: 19/19 MP: 8/10
   633 | D:1      | Learned a level 3 spell: Dazzling Spray
   869 | D:2      | Reached skill level 1 in Hexes
   869 | D:2      | Reached XP level 4. HP: 24/24 MP: 1/11
  1125 | D:2      | Learned a level 4 spell: Iskenderun's Mystic Blast
  1360 | D:2      | Upgraded the game from 0.18-a0-1203-gbde16db to 0.18-a0-1211-g828307d
  1588 | D:2      | Noticed Natasha
  1597 | D:2      | Killed Natasha
  1738 | D:2      | Found a stormy altar of Qazlal.
  1781 | D:2      | Reached skill level 5 in Conjurations
  1930 | D:2      | Noticed Natasha
  1934 | D:2      | Killed Natasha
  1934 | D:2      | Reached XP level 5. HP: 28/28 MP: 0/13
  2240 | D:2      | Noticed Natasha
  2245 | D:2      | Killed Natasha
  2245 | D:2      | Reached skill level 1 in Armour
  2881 | D:3      | Found a shattered altar of Ashenzari.
  3391 | D:4      | Got a brightly glowing short sword
  3392 | D:4      | Identified the +7 short sword of Viat {holy, MR- MP+9 Str+7 SInv} (You found it on level 4 of the Dungeon)
  3553 | D:4      | Reached skill level 1 in Fighting
  3553 | D:4      | Reached XP level 6. HP: 19/34 MP: 1/14
  3694 | D:4      | Learned a level 4 spell: Fulminant Prism
  4349 | D:5      | Entered Level 5 of the Dungeon
  4376 | D:5      | Reached skill level 5 in Spellcasting
  4414 | D:5      | Reached skill level 1 in Short Blades
  4414 | D:5      | Reached XP level 7. HP: 30/38 MP: 14/16
  4541 | D:5      | Reached skill level 5 in Dodging
  5038 | D:5      | Noticed Duvessa
  5043 | D:5      | Noticed Dowan
  5207 | D:5      | Found a sacrificial altar of Ru.
  5207 | D:5      | Found a blossoming altar of Fedhas.
  5350 | D:5      | Killed Duvessa
  5350 | D:5      | Reached skill level 6 in Spellcasting
  5350 | D:5      | Reached XP level 8. HP: 43/43 MP: 6/19
  5354 | D:5      | Killed Dowan
  5712 | D:5      | Learned a level 5 spell: Iskenderun's Battlesphere
  5801 | D:6      | You fall through a shaft for 3 floors!
  6081 | D:8      | Noticed Prince Ribbit
  6091 | D:8      | Killed Prince Ribbit
  6091 | D:8      | Reached skill level 5 in Stealth
  6091 | D:8      | Reached skill level 1 in Charms
  6248 | D:7      | Found an oddly glowing altar of Pakellas.
  6268 | D:7      | Found a staircase to the Ecumenical Temple.
  6276 | Temple   | Entered the Ecumenical Temple
  6367 | Temple   | Became a worshipper of Sif Muna the Loreminder
  6616 | D:7      | Reached skill level 7 in Spellcasting
  6745 | D:8      | Reached XP level 9. HP: 19/49 MP: 21/21
  6749 | D:8      | Learned a level 2 spell: Repel Missiles
  7237 | D:7      | Found a glowing golden altar of the Shining One.
  7241 | D:7      | Found a glowing silver altar of Zin.
  7414 | D:7      | Gained mutation: Your spells are a little harder to cast, but a little more powerful. [mutagenic meat]
  7415 | D:7      | Gained mutation: You are agile. (Dex +2) [mutagenic meat]
  7416 | D:7      | Gained mutation: You are resistant to electric shocks. [mutagenic meat]
  7417 | D:7      | Gained mutation: You are occasionally teleported next to monsters. [mutagenic meat]
  7418 | D:7      | Gained mutation: Armour fits poorly on your strangely shaped body. [mutagenic meat]
  7460 | D:7      | Learned a level 2 spell: Blink
  7476 | D:7      | Found an ancient bone altar of Kikubaaqudgha.
  7573 | D:6      | Found a sparkling altar of Nemelex Xobeh.
  7676 | D:6      | Found a glowing silver altar of Zin.
  8088 | D:6      | Reached * piety under Sif Muna
  8088 | D:6      | Reached skill level 5 in Hexes
  8409 | D:8      | Reached skill level 1 in Translocations
  8409 | D:8      | Reached skill level 1 in Air Magic
  8409 | D:8      | Reached skill level 1 in Invocations
  8419 | D:8      | Gained mutation: Your movements are slightly less encumbered by armour (ER -2). [mutagenic meat]
  8616 | D:8      | Reached skill level 8 in Spellcasting
  9543 | D:8      | Reached XP level 10. HP: 26/54 MP: 0/24
  9561 | D:8      | Reached ** piety under Sif Muna
  9838 | D:8      | Found a shimmering altar of Xom.
 10137 | D:9      | Found Loack's Distillery.
 10147 | D:9      | Bought a potion of invisibility for 96 gold pieces
 10147 | D:9      | Bought a potion of heal wounds for 60 gold pieces
 10147 | D:9      | Bought a potion of curing for 36 gold pieces
 10147 | D:9      | Bought a potion of curing for 36 gold pieces
 10147 | D:9      | Bought a potion of curing for 36 gold pieces
 10268 | D:9      | Learned a level 2 spell: Call Imp
 10497 | D:9      | Found a staircase to the Lair.
 10640 | D:9      | Found Dich's Armour Boutique.
 10730 | D:9      | Found Qesetaq's Assorted Antiques.
 11106 | D:9      | Reached skill level 1 in Summonings
 11278 | D:9      | Found a shimmering altar of Xom.
 11470 | D:9      | Found a staircase to the Orcish Mines.
 11623 | D:9      | Reached skill level 1 in Evocations
 12095 | Lair:1   | Entered Level 1 of the Lair of Beasts
 12095 | Lair:1   | Noticed a five-headed hydra
 12138 | Lair:1   | Killed a five-headed hydra
 12138 | Lair:1   | Reached skill level 9 in Spellcasting
 12278 | D:9      | Learned a level 2 spell: Slow
 12292 | Lair:1   | Noticed a spiny frog
 12300 | Lair:1   | Killed a spiny frog
 12300 | Lair:1   | Reached *** piety under Sif Muna
 12392 | Lair:1   | Noticed a spiny frog
 12399 | Lair:1   | Killed a spiny frog
 12556 | Lair:1   | Noticed a spiny frog
 12557 | Lair:1   | Killed a spiny frog
 12618 | Lair:1   | Noticed a black mamba
 12638 | Lair:1   | Killed a black mamba
 12638 | Lair:1   | Reached XP level 11. HP: 52/60 MP: 16/26
 13233 | Lair:2   | Reached skill level 1 in Shields
 13274 | Lair:2   | Found a frozen archway.
 13441 | IceCv    | Entered an ice cave
 13486 | IceCv    | Demolished by a polar bear

Vault maps used:
D:1:      lightli_arrival_statuegarden
D:2:      overflow_temple_1_default, first_bread, uniq_natasha
D:3:      cheibrodos_ashenzari_chains, serial_curves, eino_curves_02,
          eino_curves_01, eino_curves_04
D:5:      gammafunk_temple_overflow_elements, st_stairs_8, uniq_duvessa
D:6:      lemuel_upstairs_altar, basic_altar, minmay_misc_feat_cross
D:7:      grunt_pakellas_mercury, kennysheep_mini_moat,
          grunt_temple_overflow_open, minmay_temple_entry_junction2
D:8:      kennysheep_steamy, basic_altar, uniq_prince_ribbit1
D:9:      kennysheep_spiral_hall, nicolae_overflow_hidden_temple,
          erik_lair_orcish_takeover, orc_0_dummy, serial_shops, shop, shop, shop
Temple:   triangle_lava_temple_11
Lair:2:   portal_ice_cave_entry_imps
IceCv:    ice_cave_caverns_03

Action                   |  1- 3 |  4- 6 |  7- 9 | 10-12 || total
-------------------------+-------+-------+-------+-------++-------
Melee: Dagger            |     1 |    17 |       |       ||    18
       Short sword       |       |     8 |    59 |   106 ||   173
 Cast: Magic Dart        |    46 |   101 |    96 |    80 ||   323
       Searing Ray       |     1 |       |     1 |     4 ||     6
       Dazzling Spray    |     1 |    27 |   101 |   115 ||   244
       Iskenderun's Myst |       |     1 |     3 |     6 ||    10
       Fulminant Prism   |       |       |     4 |       ||     4
       Repel Missiles    |       |       |     1 |       ||     1
       Slow              |       |       |       |     1 ||     1
Evoke: Wand              |       |       |       |     1 ||     1
  Use: Potion            |     2 |       |     1 |     5 ||     8
       Scroll            |     1 |     5 |     4 |     7 ||    17
 Stab: Sleeping          |       |     3 |     7 |     5 ||    15
       Invisible         |       |     2 |     8 |     2 ||    12
  Eat: Chunk             |       |     7 |    15 |     1 ||    23
       Meat ration       |       |     1 |       |     2 ||     3
       Fruit             |       |     1 |       |       ||     1
       Bread ration      |       |       |     1 |     1 ||     2
       Pizza             |       |       |     1 |       ||     1
       Beef jerky        |       |       |     1 |       ||     1
